 Dungeon Crawl Stone Soup version 0.21.0-3-g78d12a8 (webtiles) character file.

4260 sankara the Cleaver (level 10, -1/94 HPs)
             Began as a Deep Dwarf Fighter on Jan 17, 2018.
             Was an Initiate of Makhleb.
             Slain by a two-headed ogre
             ... wielding a +0 giant club
              (13 damage)
             ... on level 8 of the Dungeon.
             The game lasted 00:37:47 (6206 turns).

sankara the Cleaver (Deep Dwarf Fighter)            Turns: 6206, Time: 00:37:48

Health: -1/94      AC: 12    Str: 21    XL:     10   Next: 10%
Magic:  0/9        EV:  6    Int:  8    God:    Makhleb [......]
Gold:   333        SH: 10    Dex: 17    Spells: 9/9 levels left

rFire    + . .     SeeInvis .   a - +0 war axe
rCold    . . .     Gourm    .   c - +0 shield
rNeg     . . .     Faith    .   p - +0 chain mail
rPois    .         Spirit   +   B - +0 helmet
rElec    .         Reflect  .   A - +0 cloak
rCorr    .         Harm     .   j - +0 pair of gloves
MR       ++...                  (no boots)
Stlth    ..........             n - amulet of guardian spirit
HPRegen  0.00/turn              u - ring of protection from magic
MPRegen  0.11/turn              y - ring of protection from fire

@: non-regenerating, hasted, very quick
A: damage resistance, heal wounds, talons 1, agile 1, deformed body, sense
surroundings 2, shaggy fur 1, no regeneration
a: Heal Wounds, Renounce Religion


You were on level 8 of the Dungeon.
You worshipped Makhleb.
Makhleb was noncommittal.
You were not hungry.

You visited 2 branches of the dungeon, and saw 9 of its levels.

You collected 333 gold pieces.

Inventory:

Hand Weapons
 a - a +0 war axe (weapon)
 r - a +0 morningstar of protection
 v - a cursed -3 flail
 E - a +4 hand axe
Armour
 c - a +0 shield (worn)
 j - a +0 pair of gloves (worn)
 p - a +0 chain mail (worn)
 A - a +0 cloak (worn)
 B - a +0 helmet (worn)
Jewellery
 i - a +6 ring of intelligence
 n - an amulet of guardian spirit (around neck)
 u - a ring of protection from magic (left hand)
 y - a ring of protection from fire (right hand)
 C - an uncursed ring of protection from cold {unknown}
Wands
 d - a wand of enslavement (14)
 o - a wand of iceblast (11)
 t - a wand of polymorph (24)
 w - a wand of paralysis (20)
Scrolls
 b - a scroll of fear {unknown}
 e - 4 scrolls of identify
 k - 5 scrolls of enchant armour {unknown}
 l - 2 scrolls of immolation {unknown}
 m - a scroll of enchant weapon {unknown}
 q - 2 scrolls of noise {unknown}
 s - 3 scrolls of teleportation {unknown}
 x - a scroll of blinking {unknown}
 z - a scroll of remove curse {unknown}
Potions
 h - a potion of lignification
Comestibles
 f - 15 rations
 D - 5 chunks of flesh


   Skills:
 + Level 7.2 Fighting
 * Level 10.8 Axes
 + Level 8.7 Armour
 - Level 5.1 Shields


You had 9 spell levels left.
You didn't know any spells.

Dungeon Overview and Level Annotations

Branches:
Dungeon (8/15)             Temple (1/1) D:7
   Lair: D:8-11

Altars:
Ashenzari
Dithmenos
Hepliaklqana
Makhleb
Okawaru
Ru
Sif Muna
Trog
Wu Jian
Yredelemnul
Zin
The Shining One

Annotations:
D:8 Psyche


Innate Abilities, Weirdness & Mutations

You are resistant to damage.
You can heal yourself by infusing magical energy.
You passively map the area around you.
You do not regenerate.
You have sharp toenails.
You are agile. (Dex +2)
Armour fits poorly on your strangely shaped body.
You are covered in fur. (AC +1)


Message History

Things that are here:
a dire flail of holy wrath x2; a two-headed ogre corpse You butcher the two-headed ogre corpse.
D - 5 chunks of flesh (gained 4)
Things that are here:
a dire flail of holy wrath x2
Okay, then.
Found a blowgun.
f - 14 rations (gained 1)
You feel a little less mighty now.
You now have 333 gold pieces (gained 6).
k - 5 scrolls labeled MENITZA MAICAP (gained 1)
q - 2 scrolls labeled YKUAMP QUATAGG (gained 1)
d - a wand of enslavement (14)
f - 15 rations (gained 1)
A worker ant zombie comes into view.
You feel yourself speed up.
The two-headed ogre shouts in stereo!
The two-headed ogre hits you with a giant club!
You die...

..... ..# ,, ##......#... ,
, ###.####.#** ##..........
, .......#.# #..........#* *
.##.##.#.# #..........#
.#...#.#.### #..........#
..._.......# #....../...# *
.#...#.#.#.######..........#
,
.##.##.#.#......##.....<..#*
,
.......#.######.@O........#
* ###.####.# ###............
.........# #..........### ,
###.########### #....Z.....#
, #............#
#.(........# #.#..........#
#..........# *,
#.#..........# ##...Z....##
..#..........# #.....
..............### *#####*


You could see a two-headed ogre, a worker ant zombie and a centaur skeleton.

Vanquished Creatures
  A two-headed ogre (D:8)
  2 hippogriffs
  Sigmund (D:5)
  Eustachio (D:4)
  Edmund (D:6)
  Duvessa (D:5)
  An orc warrior (D:7)
  3 black bears
  2 sky beasts
  An eye of draining (D:7)
  2 ogres
  3 centaurs
  2 bullfrogs
  Dowan (D:5)
  A scorpion (D:4)
  10 killer bees
  2 howler monkeys
  A crimson imp (D:6)
  A quasit (D:6)
  2 orc priests
  A centaur skeleton (D:8)
  3 hounds
  Crazy Yiuf (D:3)
  2 orc wizards
  A bullfrog skeleton (D:6)
  3 iguanas
  Terence (D:3)
  Ijyb (D:5)
  8 worker ants
  2 hound skeletons (D:4)
  14 adders
  An ooze (D:5)
  An adder skeleton (D:5)
  4 worms
  4 dart slugs
  7 leopard geckos
  18 orcs
  9 bats
  4 giant cockroaches
  9 goblins
  4 hobgoblins
  5 quokkas
  7 frilled lizards
  A jackal zombie (D:5)
  7 kobolds
  A quokka skeleton (D:4)
  9 rats
167 creatures vanquished.

Notes
Turn   | Place    | Note
-------+----------+-------------------------------------------
     0 | D:1      | sankara the Deep Dwarf Fighter began the quest for the Orb.
     0 | D:1      | Reached XP level 1. HP: 20/20 MP: 1/1
   185 | D:1      | Reached XP level 2. HP: 25/27 MP: 2/2
   654 | D:2      | Reached XP level 3. HP: 32/34 MP: 3/3
   806 | D:2      | Found an iron altar of Okawaru.
   897 | D:2      | Found a basalt altar of Yredelemnul.
  1037 | D:2      | Reached XP level 4. HP: 25/42 MP: 4/4
  1068 | D:2      | Reached skill level 3 in Axes
  1691 | D:3      | Reached XP level 5. HP: 31/49 MP: 5/5
  1718 | D:3      | Noticed Terence
  1735 | D:3      | Killed Terence
  2295 | D:3      | Found a runed door.
  2300 | D:3      | Noticed Crazy Yiuf
  2309 | D:3      | Killed Crazy Yiuf
  2403 | D:4      | Reached XP level 6. HP: 44/57 MP: 6/6
  2512 | D:4      | Reached skill level 4 in Axes
  2599 | D:4      | Reached skill level 5 in Armour
  2599 | D:4      | Reached skill level 5 in Shields
  2619 | D:4      | Noticed Eustachio
  2635 | D:4      | Killed Eustachio
  2635 | D:4      | Reached XP level 7. HP: 40/66 MP: 7/7
  2701 | D:4      | Reached skill level 5 in Axes
  2791 | D:4      | You fall through a shaft!
  2791 | D:5      | Entered Level 5 of the Dungeon
  2847 | D:5      | Gained mutation: Armour fits poorly on your strangely shaped body. [potion of mutation]
  2847 | D:5      | Gained mutation: You are agile. (Dex +2) [potion of mutation]
  2847 | D:5      | Gained mutation: You are covered in fur. (AC +1) [potion of mutation]
  2847 | D:5      | Gained mutation: You have sharp toenails. [potion of mutation]
  2985 | D:5      | Noticed Sigmund
  3009 | D:5      | Killed Sigmund
  3009 | D:5      | Reached skill level 6 in Axes
  3029 | D:5      | Found a shattered altar of Ashenzari.
  3058 | D:5      | Reached skill level 5 in Fighting
  3058 | D:5      | Reached XP level 8. HP: 19/74 MP: 8/8
  3245 | D:5      | Noticed Ijyb
  3253 | D:5      | Killed Ijyb
  3325 | D:5      | Noticed Duvessa
  3325 | D:5      | Noticed Dowan
  3337 | D:5      | Killed Duvessa
  3340 | D:5      | Killed Dowan
  3340 | D:5      | Reached skill level 7 in Axes
  3689 | D:6      | Noticed Edmund
  3707 | D:6      | Killed Edmund
  3918 | D:6      | Found a shadowy altar of Dithmenos.
  3996 | D:8      | Noticed a hippogriff
  4002 | D:8      | Killed a hippogriff
  4002 | D:8      | Reached skill level 8 in Axes
  4020 | D:7      | Gained mutation: You passively map the area around you. [Deep Dwarf growth]
  4020 | D:7      | Reached XP level 9. HP: 33/82 MP: 8/8
  4097 | D:7      | Found a bloodstained altar of Trog.
  4104 | D:7      | Found a deep blue altar of Sif Muna.
  4148 | D:7      | Found a hazy altar of Hepliaklqana.
  4508 | D:7      | Reached skill level 9 in Axes
  4676 | D:7      | Found a staircase to the Ecumenical Temple.
  4685 | Temple   | Entered the Ecumenical Temple
  4706 | Temple   | Became a worshipper of Makhleb the Destroyer
  5223 | D:6      | Reached skill level 10 in Axes
  6025 | D:8      | Noticed a two-headed ogre
  6054 | D:8      | Found a sacrificial altar of Ru.
  6054 | D:8      | Noticed Psyche
  6114 | D:8      | Noticed a two-headed ogre
  6142 | D:8      | Killed a two-headed ogre
  6142 | D:8      | Reached XP level 10. HP: 12/94 MP: 0/9
  6206 | D:8      | Slain by a two-headed ogre

Skill      XL: |  1  2  3  4  5  6  7  8  9 |
---------------+----------------------------+-----
Fighting       | 3 4 5 6 7 |  7.2
Armour         | 4 5 6 7 8 |  8.7
Shields        | 4 5 |  5.1
Axes           | 3 4 6 8 10 | 10.8

Action                   |  1- 3 |  4- 6 |  7- 9 | 10-12 || total
-------------------------+-------+-------+-------+-------++-------
Melee: War axe           |   138 |   208 |   311 |       ||   657
       Kick              |       |       |   107 |       ||   107
 Abil: Heal Wounds       |       |       |     3 |       ||     3
Evoke: Wand              |       |       |     3 |       ||     3
  Use: Potion            |       |     6 |    10 |     1 ||    17
       Scroll            |       |     1 |     2 |       ||     3
 Stab: Invisible         |       |     2 |     2 |       ||     4
  Eat: Chunk             |     1 |     5 |     9 |       ||    15
       Ration            |       |       |     1 |       ||     1
Armor: Scale mail        |    18 |       |       |       ||    18
       Chain mail        |    58 |   121 |   168 |       ||   347
Dodge: Dodged            |    36 |    48 |    78 |       ||   162
Block: Shield            |    64 |   120 |   195 |       ||   379
